 Dungeon Sprint DCSS version 0.17-a0-1646-geb1493d (webtiles) character file.

42390 Kidiri the Unseen (level 13, -4/71 HPs)
             Began as a Spriggan Enchanter on Aug 10, 2015.
             Was the Champion of Dithmenos.
             Slain by a dire elephant (30 damage)
             ... in the Dungeon (Sprint III: "The Ten Rune Challenge").
             The game lasted 00:25:21 (4284 turns).

Kidiri the Unseen (Spriggan Enchanter)              Turns: 4284, Time: 00:25:21

Health: -4/71      AC:  8    Str: 12    XL:     13   Next: 14%
Magic:  24/31      EV: 23    Int: 19    God:    Dithmenos [******]
Gold:   49         SH:  0    Dex: 21    Spells: 10 memorised, 7 levels left

rFire  . . .     SeeInvis +     (weapon currently unavailable)
rCold  . . .     Clarity  +     (armour currently unavailable)
rNeg   . . .     SustAt   .     (shield currently unavailable)
rPois  +         Gourm    .     (helmet currently unavailable)
rElec  .         Spirit   .     (cloak currently unavailable)
rCorr  .         Warding  .     (gloves unavailable)
rMut   .         NoTele   +     (boots unavailable)
MR     ++...                    (no amulet)
Stlth  ++++++++..               (no ring)
                                (no ring)

@: hydra-form, wreathed by umbra, very quick, very resistant to hostile
enchantments, extraordinarily stealthy
A: unfitting armour, (horns 0), see invisible, agile 1, clarity, herbivore 3,
(speed 0), low mp 1, screaming 1, slow metabolism 2
a: End Transformation, Shadow Step, Shadow Form, Renounce Religion
}: 1/10 runes: serpentine


You were in the Dungeon.
You worshipped Dithmenos.
Dithmenos was exalted by your worship.
You were full.
You were a 5-headed hydra.
You visited 1 branch You collected 67 gold pieces.
You spent 18 gold pieces at shops.

Inventory:

Hand weapons
 a - a +1 dagger (melded)
Armour
 f - a +2 robe of resistance (melded)
Scrolls
 k - a scroll of fear
 m - a scroll of holy word
 o - a scroll of remove curse
 r - a scroll of torment {unknown}
 s - a scroll of immolation {unknown}
Potions
 e - a potion of curing
 g - 4 potions of haste
 h - a potion of magic
 i - 2 potions of berserk rage
 j - a potion of lignification {unknown}
 n - a potion of might
 u - 3 potions of cure mutation
 v - a potion of flight {unknown}
Books
 c - a book of Maledictions

   Spells                             Type                      Level
   a - Corona                         Hexes                        1
   b - Ensorcelled Hibernation        Hexes/Ice                    2
   c - Confuse                        Hexes                        3
   d - Tukima's Dance                 Hexes                        3
   e - Dazzling Spray                 Conjuration/Hexes            3
 l - a Fen Folio

   Spells                             Type                      Level
   a - Corpse Rot                     Necromancy                   2
   b - Stone Arrow                    Conjuration/Earth            3
   c - Leda's Liquefaction            Hexes/Earth                  4
   d - Summon Forest                  Summoning/Translocation      5
   e - Hydra Form                     Transmutation                6
   f - Summon Hydra                   Summoning                    7
Comestibles
 d - a bread ration
 p - 26 royal jellies


   Skills:
 + Level 11.1 Short Blades
 * Level 18.6 Dodging
 * Level 20.3 Stealth
 * Level 16.3 Spellcasting
 + Level 7.2 Conjurations
 + Level 12.0 Hexes
 + Level 7.0 Summonings
 + Level 11.8 Translocations
 + Level 10.0 Transmutations
 + Level 8.1 Ice Magic
 + Level 7.6 Earth Magic
 + Level 8.6 Invocations


You had 7 spell levels left.
You knew the following spells:

 Your Spells              Type           Power        Failure   Level  Hunger
a - Corona                Hex            ######.      1%          1    None
b - Ensorcelled Hibernat  Hex/Ice        ######       1%          2    None
c - Confuse               Hex            ######..     1%          3    None
d - Tukima's Dance        Hex            ######..     1%          3    None
e - Dazzling Spray        Conj/Hex       ######..     1%          3    None
f - Stone Arrow           Conj/Erth      #####.       1%          3    None
g - Leda's Liquefaction   Hex/Erth       ######....   1%          4    None
h - Summon Forest         Summ/Tloc      ######....   1%          5    ###....
i - Hydra Form            Trmt           ######....   12%         6    #####..
j - Summon Hydra          Summ           #####.....   99%         7    ######.


Dungeon Overview and Level Annotations

Branches:
Dungeon (1/1)

Altars:
Cheibriados
Dithmenos
Elyvilon
Fedhas
Gozag
Kikubaaqudgha
Makhleb
Nemelex Xobeh
Okawaru
Qazlal
Ru
Sif Muna
Trog
Vehumet
Xom
Yredelemnul
Zin
The Shining One
Jiyva
Lugonu

Shops:
D ![=%[:


Innate Abilities, Weirdness & Mutations

You are tiny and cannot use many weapons and most armour.
You have supernaturally acute eyesight.
You are a herbivore.
((You cover ground extremely quickly.))
You need consume almost no food.
((You have a pair of small horns on your head.))
You are agile. (Dex +2)
You possess an exceptional clarity of mind.
Your magical capacity is low (-10% MP).
You occasionally shout uncontrollably at your foes.


Message History

The dire elephant barely misses you. The dire elephant misses you.
You nip at the dire elephant but do no damage.
The dire elephant is moderately wounded.
Your shadow hits the dire elephant but does no damage.
The dire elephant completely misses you.
The dire elephant trunk-slaps you but does no damage.
You nip at the dire elephant.
The dire elephant is moderately wounded.
Your shadow hits the dire elephant but does no damage.
The dire elephant tramples you!!
You emit a cloud of dark smoke.
You hold your ground!
The dire elephant barely misses you.
You bite the dire elephant!
The dire elephant is moderately wounded.
Your shadow hits the dire elephant but does no damage.
The dire elephant tramples you.
You hold your ground!
The dire elephant closely misses you.
You nip at the dire elephant.
The dire elephant is moderately wounded.
The dire elephant tramples you!!
You die...

▓.%.).#.≈≈≈≈≈.....#...#__
▓.....#.≈≈≈.......#+###__
▓'#####.%.........#.))#__
▓.................#___#_.
▓▓▓▓▓▓▓▓▓▓▓▓▓▓▓▓▓▓▓▓▓▓▓▓▓
▓...'≈≈§§≈≈≈≈≈♣♣.....♣♣♣
▓..P#÷≈≈§§§≈≈≈♣♣.≈≈≈≈+♣♣
▓.PP#≈§§§§§≈≈≈.'.....#.≈
▓..P#≈§DY§§≈≈.♣♣♣♣♣♣♣#..
▓..[#≈§§§§§≈≈≈♣ ###
▓##+####+#######♣ ♣♣♣♣
▓.......%...)...♣♣ ♣...
▓#+#############'♣ ♣♣.#
..J#≈....%......♣ ♣..
▓...+≈≈...########♣♣ ♣♣.
▓J..#≈≈≈..%........♣ ♣♣.
▓J.J#≈≈≈≈..........♣ ♣..


You could see a dire elephant.

Vanquished Creatures
  Rupert (D)
  Gastronok (D)
  Dowan (D)
  A greater naga (D)
  Maud (D)
  A dire elephant (D)
  Josephine (D)
  A naga warrior (D)
  A hydra (D)
  A centaur warrior (D)
  4 anacondas (D)
  4 death yaks (D)
  A death drake (D)
  A spriggan druid (D)
  2 unseen horrors (D)
  A lindwurm (D)
  2 elephants (D)
  A guardian serpent (D)
  2 spiny frogs (D)
  Duvessa (D)
  5 black mambas (D)
  A komodo dragon (D)
  A queen bee (D)
  A fire drake (D)
  A deep elf priest (D)
  8 blink frogs (D)
  3 wandering mushrooms (D)
  A shadow (D)
  3 redbacks (D)
  2 spriggans (D)
  A spatial vortex (D)
  2 nagas (D)
  4 water moccasins (D)
  A swamp drake (D)
  A necrophage (D)
  2 centaurs (D)
  An earth elemental (D)
  2 brain worms (D)
  A water elemental (D)
  An electric eel (D)
  32 killer bees (D)
  A wizard (D)
  A jelly (D)
  Jessica (D)
  A necromancer (D)
  A wolf (D)
  A kobold demonologist (D)
  3 humans (D)
  4 adders (D)
  An ooze (D)
  2 rats (D)
119 creatures vanquished.

Vanquished Creatures (others)
  2 draconian scorchers (D)
  A hydra (D)
  A yaktaur (D)
  2 fire drakes (D)
  9 plants (D)
15 creatures vanquished.

Grand Total: 134 creatures vanquished

Notes
Turn   | Place    | Note
--------------------------------------------------------------
     0 | D        | Kidiri the Spriggan Enchanter began the quest for the Orb.
     0 | D        | Reached XP level 1. HP: 9/9 MP: 5/5
     4 | D        | Reached skill level 5 in Stealth
    11 | D        | Noticed Jessica
    14 | D        | Killed Jessica
    14 | D        | Reached skill level 5 in Dodging
    14 | D        | Reached skill level 6 in Stealth
    14 | D        | Reached XP level 2. HP: 13/13 MP: 5/8
    14 | D        | Reached XP level 3. HP: 16/16 MP: 6/10
    21 | D        | Learned a level 2 spell: Ensorcelled Hibernation
    25 | D        | Learned a level 3 spell: Confuse
    29 | D        | Learned a level 3 spell: Tukima's Dance
    83 | D        | Reached skill level 7 in Stealth
    83 | D        | Reached skill level 5 in Spellcasting
    84 | D        | Noticed a wolf
    96 | D        | Killed a wolf
    96 | D        | Reached skill level 1 in Ice Magic
    96 | D        | Reached XP level 4. HP: 21/21 MP: 8/12
   104 | D        | Learned a level 3 spell: Dazzling Spray
   125 | D        | Reached skill level 9 in Dodging
   125 | D        | Reached skill level 10 in Stealth
   125 | D        | Reached XP level 5. HP: 24/24 MP: 12/16
   126 | D        | Gained mutation: You are agile. (Dex +2) [potion of mutation]
   126 | D        | Gained mutation: Your mind is acute. (Int +2) [potion of mutation]
   126 | D        | Gained mutation: Your magical capacity is low (-10% MP). [potion of mutation]
   127 | D        | Gained mutation: You occasionally shout uncontrollably at your foes. [potion of mutation]
   127 | D        | Gained mutation: You possess an exceptional clarity of mind. [potion of mutation]
   127 | D        | Gained mutation: You have a pair of small horns on your head. [potion of mutation]
   202 | D        | Noticed a water elemental
   205 | D        | Killed a water elemental
   214 | D        | Noticed a jelly
   215 | D        | Noticed a shadow
   217 | D        | Killed a shadow
   217 | D        | Reached skill level 5 in Short Blades
   217 | D        | Reached skill level 10 in Dodging
   217 | D        | Reached skill level 11 in Stealth
   217 | D        | Reached XP level 6. HP: 28/28 MP: 17/17
   221 | D        | Killed a jelly
   226 | D        | Found a stormy altar of Qazlal.
   227 | D        | Found a sacrificial altar of Ru.
   227 | D        | Found a burning altar of Makhleb.
   227 | D        | Found a viscous altar of Jiyva.
   227 | D        | Found a shimmering altar of Xom.
   227 | D        | Found a shadowy altar of Dithmenos.
   227 | D        | Found a sparkling altar of Nemelex Xobeh.
   227 | D        | Found a corrupted altar of Lugonu.
   227 | D        | Found an opulent altar of Gozag.
   227 | D        | Noticed a spatial vortex
   240 | D        | Became a worshipper of Dithmenos the Shadowed
   247 | D        | Killed a spatial vortex
   247 | D        | Reached skill level 1 in Invocations
   247 | D        | Reached XP level 7. HP: 32/32 MP: 3/18
   277 | D        | Killed a white draconian scorcher
   289 | D        | Killed a white draconian scorcher
   337 | D        | Killed a yaktaur
   344 | D        | Found a radiant altar of Vehumet.
   345 | D        | Found a deep blue altar of Sif Muna.
   345 | D        | Found an ancient bone altar of Kikubaaqudgha.
   345 | D        | Noticed a wizard
   346 | D        | Killed a wizard
   346 | D        | Reached skill level 12 in Stealth
   362 | D        | Learned a level 3 spell: Stone Arrow
   367 | D        | Learned a level 4 spell: Leda's Liquefaction
   373 | D        | Learned a level 5 spell: Summon Forest
   410 | D        | Found a glowing silver altar of Zin.
   411 | D        | Found a glowing golden altar of the Shining One.
   411 | D        | Found a white marble altar of Elyvilon.
   411 | D        | Noticed a deep elf priest
   413 | D        | Killed a deep elf priest
   413 | D        | Reached skill level 1 in Summonings
   413 | D        | Reached skill level 1 in Translocations
   413 | D        | Reached skill level 1 in Earth Magic
   426 | D        | Found an iron altar of Okawaru.
   427 | D        | Found a bloodstained altar of Trog.
   427 | D        | Noticed a human
   427 | D        | Noticed a human
   429 | D        | Killed a human
   429 | D        | Reached skill level 10 in Spellcasting
   430 | D        | Killed a human
   430 | D        | Reached XP level 8. HP: 36/36 MP: 20/20
   446 | D        | Found a basalt altar of Yredelemnul.
   446 | D        | Found a snail-covered altar of Cheibriados.
   446 | D        | Found a blossoming altar of Fedhas.
   446 | D        | Noticed a necrophage
   446 | D        | Noticed a necromancer
   448 | D        | Killed a necrophage
   448 | D        | Acquired Dithmenos's first power
   448 | D        | Reached skill level 13 in Stealth
   449 | D        | Killed a necromancer
   478 | D        | Noticed Josephine
   480 | D        | Killed Josephine
   487 | D        | Noticed an earth elemental
   490 | D        | Killed an earth elemental
   490 | D        | Reached XP level 9. HP: 39/39 MP: 22/22
   498 | D        | Learned a level 6 spell: Hydra Form
   502 | D        | Noticed a centaur
   502 | D        | Noticed a centaur warrior
   502 | D        | Noticed a centaur
   504 | D        | Killed a centaur
   506 | D        | Killed a centaur warrior
   506 | D        | Acquired Dithmenos's second power
   506 | D        | Reached skill level 14 in Stealth
   506 | D        | Reached skill level 5 in Translocations
   506 | D        | Reached skill level 5 in Ice Magic
   507 | D        | Killed a centaur
   522 | D        | Noticed an unseen horror
   522 | D        | Noticed an unseen horror
   523 | D        | Killed an unseen horror
   525 | D        | Killed an unseen horror
   535 | D        | Noticed a killer bee
   535 | D        | Noticed a killer bee
   535 | D        | Noticed a killer bee
   535 | D        | Noticed a killer bee
   535 | D        | Noticed a killer bee
   535 | D        | Noticed a killer bee
   535 | D        | Noticed a killer bee
   535 | D        | Noticed a killer bee
   535 | D        | Noticed a killer bee
   535 | D        | Noticed a killer bee
   535 | D        | Noticed a queen bee
   535 | D        | Noticed a killer bee
   535 | D        | Noticed a killer bee
   535 | D        | Noticed a killer bee
   535 | D        | Noticed a killer bee
   536 | D        | Noticed a killer bee
   537 | D        | Noticed a killer bee
   537 | D        | Noticed a killer bee
   537 | D        | Noticed a killer bee
   538 | D        | Noticed a killer bee
   538 | D        | Noticed a killer bee
   539 | D        | Killed a killer bee
   539 | D        | Acquired Dithmenos's third power
   540 | D        | Noticed a killer bee
   541 | D        | Noticed a killer bee
   541 | D        | Killed a killer bee
   541 | D        | Reached skill level 15 in Stealth
   542 | D        | Noticed a killer bee
   543 | D        | Noticed a killer bee
   544 | D        | Noticed a killer bee
   544 | D        | Noticed a killer bee
   544 | D        | Killed a killer bee
   544 | D        | Reached XP level 10. HP: 40/44 MP: 14/24
   545 | D        | Noticed a killer bee
   546 | D        | Noticed a killer bee
   546 | D        | Killed a killer bee
   547 | D        | Noticed a killer bee
   548 | D        | Noticed a killer bee
   548 | D        | Killed a killer bee
   550 | D        | Noticed a killer bee
   550 | D        | Killed a killer bee
   552 | D        | Noticed a killer bee
   552 | D        | Killed a killer bee
   552 | D        | Acquired Dithmenos's fourth power
   554 | D        | Killed a killer bee
   556 | D        | Killed a killer bee
   687 | D        | Killed a killer bee
   689 | D        | Killed a killer bee
   691 | D        | Killed a killer bee
   693 | D        | Killed a killer bee
   695 | D        | Killed a killer bee
   698 | D        | Killed a killer bee
   698 | D        | Reached skill level 5 in Invocations
   700 | D        | Killed a killer bee
   702 | D        | Killed a killer bee
   704 | D        | Killed a killer bee
   706 | D        | Killed a killer bee
   708 | D        | Killed a killer bee
   710 | D        | Killed a killer bee
   719 | D        | Killed a killer bee
   801 | D        | Killed a killer bee
   808 | D        | Killed a killer bee
   810 | D        | Killed a killer bee
   812 | D        | Killed a killer bee
   817 | D        | Killed a killer bee
   820 | D        | Killed a killer bee
   823 | D        | Killed a killer bee
   825 | D        | Killed a killer bee
   953 | D        | Killed a killer bee
   959 | D        | Killed a queen bee
   961 | D        | Killed a killer bee
  1019 | D        | Killed a fire drake
  1037 | D        | Killed a fire drake
  1137 | D        | Noticed Dowan
  1137 | D        | Noticed Duvessa
  1139 | D        | Killed Dowan
  1139 | D        | Reached skill level 16 in Stealth
  1139 | D        | Reached skill level 5 in Conjurations
  1139 | D        | Reached skill level 5 in Transmutations
  1156 | D        | Killed Duvessa
  1193 | D        | Noticed a wandering mushroom
  1198 | D        | Noticed a wandering mushroom
  1200 | D        | Noticed a wandering mushroom
  1204 | D        | Killed a wandering mushroom
  1209 | D        | Killed a wandering mushroom
  1209 | D        | Reached skill level 15 in Dodging
  1213 | D        | Killed a wandering mushroom
  1355 | D        | Noticed a spiny frog
  1355 | D        | Noticed a komodo dragon
  1355 | D        | Noticed a spiny frog
  1363 | D        | Killed a komodo dragon
  1363 | D        | Reached skill level 5 in Earth Magic
  1363 | D        | Reached XP level 11. HP: 47/47 MP: 21/26
  1365 | D        | Killed a spiny frog
  1365 | D        | Reached skill level 10 in Hexes
  1368 | D        | Killed a spiny frog
  1496 | D        | Noticed a redback
  1498 | D        | Killed a redback
  1499 | D        | Noticed a brain worm
  1502 | D        | Killed a brain worm
  1512 | D        | Noticed a brain worm
  1514 | D        | Killed a brain worm
  1520 | D        | Noticed a lindwurm
  1669 | D        | Noticed a redback
  1672 | D        | Killed a redback
  1683 | D        | Noticed a redback
  1683 | D        | Killed a lindwurm
  1686 | D        | Killed a redback
  1686 | D        | Reached skill level 17 in Stealth
  1884 | D        | Noticed Maud
  1886 | D        | Killed Maud
  1886 | D        | Reached skill level 5 in Summonings
  1912 | D        | Noticed an electric eel
  1913 | D        | Noticed an eight-headed hydra
  1913 | D        | Noticed a six-headed hydra
  1914 | D        | Killed an electric eel
  1927 | D        | Killed an eight-headed hydra
  1927 | D        | Killed a six-headed hydra
  1937 | D        | Noticed a death drake
  1951 | D        | Killed a death drake
  2161 | D        | Found a blossoming altar of Fedhas.
  2161 | D        | Noticed a spriggan
  2161 | D        | Noticed a spriggan druid
  2161 | D        | Noticed a spriggan
  2163 | D        | Killed a spriggan druid
  2164 | D        | Killed a spriggan
  2166 | D        | Killed a spriggan
  2204 | D        | Found Omate's Food Emporium.
  2204 | D        | Found Ovemoili's Antique Armour Shop.
  2207 | D        | Found Tuguepteydd's Book Shoppe.
  2258 | D        | Noticed a swamp drake
  2258 | D        | Noticed a fire drake
  2259 | D        | Killed a fire drake
  2261 | D        | Killed a swamp drake
  2266 | D        | Noticed a blink frog
  2266 | D        | Noticed a blink frog
  2268 | D        | Noticed a blink frog
  2268 | D        | Noticed a blink frog
  2274 | D        | Killed a blink frog
  2278 | D        | Killed a blink frog
  2325 | D        | Killed a blink frog
  2330 | D        | Killed a blink frog
  2330 | D        | Reached skill level 18 in Stealth
  2361 | D        | Noticed a blink frog
  2364 | D        | Killed a blink frog
  2384 | D        | Noticed Rupert
  2386 | D        | Killed Rupert
  2386 | D        | Reached skill level 10 in Short Blades
  2386 | D        | Reached skill level 10 in Translocations
  2386 | D        | Reached XP level 12. HP: 51/51 MP: 23/28
  2412 | D        | Noticed a death yak
  2413 | D        | Noticed a death yak
  2413 | D        | Noticed a blink frog
  2414 | D        | Killed a death yak
  2415 | D        | Noticed an azure jelly
  2415 | D        | Noticed a death yak
  2415 | D        | Noticed an azure jelly
  2415 | D        | Noticed a blink frog
  2415 | D        | Noticed a death yak
  2421 | D        | Noticed a blink frog
  2426 | D        | Killed a death yak
  2426 | D        | Reached skill level 15 in Spellcasting
  2430 | D        | Killed a blink frog
  2432 | D        | Killed a blink frog
  2441 | D        | Killed a death yak
  2565 | D        | Noticed a black mamba
  2567 | D        | Killed a black mamba
  2574 | D        | Noticed a black mamba
  2583 | D        | Killed a death yak
  2585 | D        | Killed a black mamba
  2595 | D        | Killed a blink frog
  2595 | D        | Reached skill level 19 in Stealth
  2635 | D        | Noticed an anaconda
  2635 | D        | Noticed a black mamba
  2636 | D        | Noticed an anaconda
  2638 | D        | Killed an anaconda
  2992 | D        | Learned a level 7 spell: Summon Hydra
  3001 | D        | Killed a black mamba
  3021 | D        | Killed an anaconda
  3022 | D        | Noticed an anaconda
  3030 | D        | Killed an anaconda
  3145 | D        | Noticed a black mamba
  3149 | D        | Killed a black mamba
  3157 | D        | Noticed a water moccasin
  3161 | D        | Killed a water moccasin
  3180 | D        | Noticed a water moccasin
  3181 | D        | Killed a water moccasin
  3192 | D        | Noticed a water moccasin
  3195 | D        | Killed a water moccasin
  3225 | D        | Noticed a water moccasin
  3231 | D        | Killed a water moccasin
  3242 | D        | Noticed a black mamba
  3243 | D        | Noticed an anaconda
  3244 | D        | Killed a black mamba
  3246 | D        | Killed an anaconda
  3249 | D        | Noticed a naga
  3249 | D        | Noticed a naga
  3250 | D        | Noticed a naga warrior
  3250 | D        | Noticed a greater naga
  3250 | D        | Found Maewod's Distillery.
  3250 | D        | Found Feveser's Antique Armour Emporium.
  3250 | D        | Found Dan Oseff's Jewellery Shop.
  3251 | D        | Killed a naga
  3252 | D        | Killed a naga
  3254 | D        | Killed a naga warrior
  3255 | D        | Killed a greater naga
  3264 | D        | Bought a runed robe for 18 gold pieces
  3292 | D        | Noticed a guardian serpent
  3294 | D        | Killed a guardian serpent
  3296 | D        | Got a serpentine rune of Zot
  3379 | D        | Noticed an azure jelly
  3379 | D        | Noticed an azure jelly
  3380 | D        | Noticed an elephant
  3380 | D        | Noticed an elephant
  3380 | D        | Noticed a dire elephant
  3380 | D        | Noticed a dire elephant
  3380 | D        | Noticed Gastronok
  3382 | D        | Killed Gastronok
  3382 | D        | Reached skill level 20 in Stealth
  3382 | D        | Reached XP level 13. HP: 55/55 MP: 30/30
  3411 | D        | Killed an elephant
  3418 | D        | Killed an elephant
  3437 | D        | Lost mutation: Your mind is acute. (Int +2) [potion of mutation]
  3946 | D        | Killed a dire elephant
  3946 | D        | Reached skill level 10 in Transmutations
  4284 | D        | Slain by a dire elephant

Vault maps used:
D:        dungeon_sprint_mu

Action                   |  1- 3 |  4- 6 |  7- 9 | 10-12 | 13-15 || total
-------------------------+-------+-------+-------+-------+-------++-------
Melee: Dagger            |     6 |    12 |    18 |   127 |     7 ||   170
       Unarmed           |       |       |       |       |    13 ||    13
 Cast: Ensorcelled Hiber |     1 |       |     6 |    74 |     1 ||    82
       Dazzling Spray    |       |     5 |     2 |    19 |    18 ||    44
       Confuse           |       |       |       |     9 |     4 ||    13
       Hydra Form        |       |       |       |       |     3 ||     3
Invok: Shadow Step       |       |       |       |    13 |       ||    13
  Use: Potion            |       |     3 |       |     3 |     2 ||     8
       Scroll            |       |     2 |     1 |     1 |       ||     4
 Stab: Sleeping          |     5 |     3 |    17 |    74 |       ||    99
       Confused          |       |       |       |     7 |     4 ||    11
       Invisible         |       |       |       |     8 |     1 ||     9
  Eat: Fruit             |       |       |       |     7 |       ||     7
